Map: Lightshade LE

Players

INnoVation - Winner!

  • Race: Terran Terran
  • League: Grandmaster
  • Spawn Location: 11:00

AfreecaDRG (DRG)

  • Race: Zerg Zerg
  • League: Grandmaster
  • Spawn Location: 5:00

Event: DreamHack SC2 Masters 2020 Winter

VOD

Have the link to the VOD?

Description

Time

  • Played on: Oct. 27, 2020, 7:55 a.m.
  • Length: 15:22

All games in this series

Show
View Real Time Build Order
Export as new Build Order

INnoVation Terran - Winner!

Build Orders: Hellion Banshee 

Get SALT Encoding   

  12  0:00  SCV  
  13  0:12  SCV  
  14  0:17  Supply Depot  
  14  0:24  SCV  
  15  0:38  SCV  
  15  0:39  Barracks  
  16  0:43  Refinery  
  16  0:50  SCV  
  17  1:02  SCV  
  18  1:14  SCV  
  20  1:25  Reaper  
  20  1:26  Orbital Command  
  20  1:38  Command Center  
  20  1:50  Supply Depot  
  20  1:52  SCV  
  21  1:57  Marine  
  22  2:04  SCV  
  22  2:07  Factory  
  23  2:09  Refinery  
  23  2:16  SCV  
  23  2:19  Barracks Reactor  
  24  2:28  SCV  
  25  2:40  SCV  
  26  2:51  Starport  
  26  2:52  Orbital Command  
  26  2:53  SCV  
  27  2:59  Hellion x2  
  27  3:05  SCV  
  32  3:06  Barracks Tech Lab  
  32  3:14  Supply Depot  
  32  3:17  SCV  
  32  3:18  SCV  
  34  3:20  Hellion x2  
  38  3:29  SCV  
  38  3:30  SCV  
  38  3:33  Medivac  
  38  3:34  Cloaking Field  
  42  3:35  Barracks Tech Lab  
  42  3:40  Supply Depot  
  42  3:41  SCV  
  43  3:42  SCV  
  43  3:44  Hellion  
  48  3:48  Hellion  
  48  3:53  SCV  
  48  3:54  SCV  
  50  4:03  Banshee  
  50  4:05  SCV  
  50  4:06  SCV, Hellion  
  59  4:10  Hellion  
  59  4:14  Supply Depot  
  59  4:16  Stimpack  
  59  4:17  SCV  
  59  4:18  SCV  
  61  4:32  Command Center  
  61  4:35  SCV x2  
  60  4:43  Armory  
  60  4:47  Supply Depot, SCV  
  60  4:48  SCV, Refinery  
  60  4:50  Refinery  
  60  4:51  Banshee  
  66  5:00  SCV x2, Marine  
  66  5:05  Factory Tech Lab  
  68  5:08  Barracks  
  68  5:12  Factory, SCV x2  
  70  5:17  Barracks  
  70  5:18  Marine  
  71  5:24  SCV x2  
  71  5:27  Widow Mine  
  75  5:30  Engineering Bay  
  75  5:31  Drilling Claws  
  75  5:34  Engineering Bay  
  75  5:37  SCV x2  
  75  5:38  Marine  
  75  5:41  Starport Reactor  
  78  5:45  Orbital Command  
  78  5:49  SCV x2  
  80  5:51  Widow Mine  
  80  5:55  Marine  
  80  5:57  Combat Shield  
  83  5:58  Barracks Reactor  
  83  6:02  SCV x2  
  83  6:04  Widow Mine x2  
  89  6:05  Barracks Reactor  
  89  6:07  Barracks  
  89  6:10  Orbital Command  
  89  6:14  Terran Infantry Armor Level 1, Terran Infantry Weapons Level 1  
  89  6:16  SCV x2  
  91  6:21  Medivac  
  91  6:22  Supply Depot  
  91  6:23  Supply Depot  
  93  6:29  Marine, SCV x2  
  93  6:30  Medivac  
  98  6:34  Marine  
  98  6:36  Barracks  
  99  6:40  Supply Depot x2  
  99  6:41  Widow Mine  
  99  6:44  Widow Mine  
  99  6:46  Widow Mine  
  105  6:47  SCV x2  
  105  6:48  SCV  
  105  6:50  Marine  
  109  6:57  Barracks Reactor  
  109  6:59  SCV  
  109  7:00  SCV x2  
  112  7:02  Refinery x2  
  112  7:03  Widow Mine  
  112  7:06  Widow Mine, Supply Depot  
  112  7:07  Widow Mine  
  118  7:12  SCV x3  
  121  7:15  Marine  
  121  7:16  Marine x4  
  121  7:22  Supply Depot  
  126  7:23  Supply Depot, Medivac x2  
  126  7:24  SCV x3  
  126  7:25  Barracks Reactor  
  131  7:30  Widow Mine x3  
  131  7:32  Missile Turret  
  131  7:33  Missile Turret  
  131  7:36  SCV  
  134  7:39  Marine x5  
  139  7:53  Medivac x2  
  139  7:57  Command Center  
  143  8:01  Widow Mine  
  143  8:02  Widow Mine x2  
  143  8:04  Marine  
  143  8:05  Marine x6  
  156  8:11  Marine  
  151  8:12  Terran Infantry Weapons Level 2  
  151  8:13  Terran Infantry Armor Level 2  
  151  8:23  Medivac x2, Marine  
  156  8:32  Widow Mine, Barracks x2  
  156  8:33  Widow Mine, Barracks  
  156  8:40  Supply Depot x2  
  156  8:54  Supply Depot  
  156  8:55  Supply Depot  
  156  9:01  Medivac x2  
  156  9:02  Widow Mine x2, Thor  
  170  9:08  Marine x8  
  174  9:16  SCV  
  172  9:17  SCV x2  
  169  9:26  Barracks Tech Lab x2  
  169  9:29  Widow Mine x2  
  169  9:32  SCV x3  
  169  9:38  Medivac x2, Planetary Fortress  
  167  9:41  Marine x3  
  167  9:42  Marine x7  
  165  9:51  Thor  
  168  9:57  SCV x3  
  168  9:59  Widow Mine x2, Marine  
  165  10:17  Marauder x4, Marine  
  165  10:18  Marine x7  
  165  10:20  Widow Mine x2  
  173  10:34  Thor  
  167  10:35  SCV x2, Marine x2  
  167  10:36  SCV, Medivac x2, Marine x3  
  172  10:45  Supply Depot  
  172  10:47  Supply Depot  
  172  10:48  Marine x5, Command Center  
  179  10:50  Widow Mine  
  179  10:53  Supply Depot x2  
  179  10:54  Supply Depot  
  179  10:55  Supply Depot  
  179  11:03  Terran Infantry Armor Level 3, Terran Infantry Weapons Level 3  
  179  11:07  Marine x2  
  179  11:08  Marine  
  179  11:09  Widow Mine  
  179  11:11  Marine x3  
  183  11:13  Marine  
  183  11:14  Marine x4  
  183  11:15  Marine  
  183  11:17  Widow Mine  
  193  11:29  Marine x5  
  193  11:30  Marine  
  193  11:31  Marine x2  
  193  11:32  Marine  
  192  11:37  Widow Mine x2  
  192  11:38  Widow Mine  
  165  11:40  Medivac x2  
  165  11:42  Marine x3  
  155  11:47  Marine x6  
  155  11:49  Marine x3  
  154  11:58  Thor  
  154  11:59  Widow Mine  
  154  12:00  Marine x3  
  165  12:05  Marine x2  
  165  12:07  Orbital Command  
  166  12:08  SCV x3  
  166  12:09  Marine  
  166  12:10  Marine  
  166  12:11  Marine  
  160  12:27  Marine x10  
  160  12:28  Marine  
  154  12:32  Medivac  
  154  12:33  Marine  
  152  12:45  Marine x3  
  152  12:46  Widow Mine x3  
  152  12:50  Medivac  
  157  12:53  Marine  
  157  12:55  Marine x3  
  158  13:02  Marine, Medivac  
  158  13:03  Marine  
  158  13:04  Marine x6  
  149  13:07  Widow Mine  
  149  13:09  Thor  
  149  13:10  Widow Mine  
  149  13:11  Marine  
  141  13:13  Marine x3  
  144  13:22  Medivac  
  144  13:24  Marine x6, Orbital Command  
  144  13:27  Marine  
  152  13:28  Sensor Tower  
  152  13:31  Missile Turret  
  152  13:32  Missile Turret, Medivac  
  155  13:39  Widow Mine x2  
  155  13:40  Marauder, Marine  
  162  13:42  Marauder x2  
  162  13:45  Marauder  
  164  13:53  Thor  
  164  13:54  Marine x3  
  171  13:58  Missile Turret  
  171  14:00  Widow Mine x2, Medivac  
  171  14:01  Marauder  
  171  14:02  Medivac  
  181  14:04  Marauder  
  181  14:08  Marine  
  181  14:09  Marine x6  
  184  14:11  Marine  
  184  14:12  Marine x2  
  183  14:22  Marine  
  184  14:24  Marine  
  184  14:26  Marine x2  
  184  14:27  Marine x3, Command Center, Marauder x2  
  184  14:29  Widow Mine x2  
  198  14:32  Marine  
  198  14:34  Marine  
  186  14:53  Widow Mine, Marine  
  186  14:54  Widow Mine, Marine x4  
  190  15:03  Marine x2  
  187  15:14  Refinery  
  187  15:15  Refinery  
Show
View Real Time Build Order
Export as new Build Order

AfreecaDRG Zerg 

Build Orders: Hatch First, Muta Ling Bane 

Get SALT Encoding   

  12  0:00  Drone  
  13  0:11  Overlord  
  13  0:17  Drone  
  14  0:30  Drone x2  
  16  0:47  Hatchery  
  15  0:50  Drone  
  15  0:54  Drone  
  17  0:57  Drone  
  18  1:12  Spawning Pool  
  18  1:14  Extractor  
  18  1:16  Drone  
  17  1:20  Drone  
  18  1:28  Drone  
  19  1:38  Drone  
  20  1:48  Drone  
  21  1:59  Queen x2  
  21  2:00  Zergling x4  
  27  2:09  Overlord  
  27  2:10  Drone  
  28  2:23  Hatchery  
  28  2:28  Drone  
  28  2:29  Drone  
  29  2:34  Drone  
  29  2:35  Drone  
  31  2:40  Queen  
  33  2:47  Overlord  
  33  2:51  Drone  
  33  2:55  Drone x2  
  33  2:58  Metabolic Boost  
  36  3:03  Overlord  
  36  3:09  Drone  
  37  3:14  Drone x2  
  37  3:15  Drone x2  
  37  3:16  Drone  
  42  3:21  Queen  
  42  3:26  Drone  
  45  3:30  Drone  
  46  3:34  Queen  
  46  3:36  Overlord  
  46  3:38  Drone x2  
  50  3:45  Drone x3  
  53  3:48  Overlord  
  53  3:53  Drone x3  
  56  3:57  Zergling x4  
  56  4:00  Overlord  
  58  4:03  Drone  
  58  4:04  Overlord  
  58  4:09  Queen  
  61  4:12  Drone x2  
  61  4:14  Drone  
  64  4:18  Lair  
  64  4:20  Drone, Extractor  
  64  4:23  Drone  
  65  4:26  Drone  
  65  4:30  Spore Crawler, Zergling x2  
  66  4:34  Zergling x2  
  66  4:35  Zergling x6  
  66  4:36  Drone  
  71  4:38  Spore Crawler  
  71  4:40  Spore Crawler  
  71  4:41  Drone x3  
  71  4:44  Drone  
  73  4:46  Overlord  
  73  4:49  Zergling x6  
  73  4:51  Evolution Chamber  
  74  4:55  Drone  
  73  5:02  Zergling x6  
  73  5:04  Drone  
  73  5:05  Drone  
  73  5:07  Extractor  
  76  5:08  Drone, Extractor  
  76  5:10  Drone x2, Extractor x2  
  76  5:14  Drone  
  78  5:17  Spire, Overseer  
  78  5:18  Drone x2  
  79  5:21  Drone x3  
  79  5:26  Drone  
  83  5:31  Drone  
  83  5:35  Drone x2  
  86  5:39  Hatchery  
  86  5:40  Overlord  
  86  5:41  Overlord  
  85  5:44  Drone x2  
  85  5:46  Zergling x2  
  85  5:47  Zergling x4  
  90  5:56  Overlord  
  90  6:02  Overseer  
  90  6:06  Drone x7  
  97  6:23  Overlord  
  97  6:24  Overlord  
  97  6:27  Overlord  
  97  6:31  Overlord  
  96  6:35  Mutalisk x4  
  96  6:36  Overlord  
  96  6:37  Zerg Flyer Weapons Level 1  
  96  6:38  Overlord  
  104  6:41  Mutalisk x2  
  104  6:42  Mutalisk x2  
  112  6:47  Mutalisk x2  
  112  6:52  Queen  
  118  6:55  Mutalisk x2  
  118  6:57  Zergling x4  
  118  7:01  Mutalisk  
  124  7:03  Zergling x6  
  129  7:09  Mutalisk  
  129  7:11  Drone x7  
  129  7:14  Overlord  
  138  7:17  Overlord x2  
  138  7:21  Mutalisk  
  140  7:22  Pneumatized Carapace  
  140  7:24  Mutalisk  
  142  7:31  Overseer  
  142  7:32  Drone x4, Extractor  
  142  7:33  Drone x5  
  142  7:35  Extractor  
  149  7:37  Drone x2  
  149  7:39  Baneling Nest  
  149  7:42  Drone x4, Spore Crawler  
  151  7:48  Mutalisk x3  
  157  7:53  Drone x2  
  156  8:13  Drone x4  
  156  8:19  Overlord  
  160  8:26  Hatchery  
  159  8:28  Mutalisk x5  
  159  8:32  Zergling x16  
  159  8:33  Zergling x6  
  180  8:35  Centrifical Hooks  
  180  8:39  Evolution Chamber  
  179  8:42  Evolution Chamber, Overseer  
  179  8:46  Zergling x16  
  186  8:53  Overlord  
  186  8:54  Drone  
  186  8:55  Drone x2  
  189  9:00  Infestation Pit  
  182  9:12  Drone x3  
  182  9:13  Drone x2  
  182  9:20  Zerg Ground Armor Level 1, Zerg Melee Weapons Level 1  
  176  9:33  Zergling x34  
  192  9:44  Mutalisk x6  
  188  9:48  Zergling x10  
  188  9:51  Hive  
  191  9:55  Mutalisk  
  191  9:56  Mutalisk  
  191  9:57  Zergling x8  
  191  9:59  Baneling x15  
  194  10:16  Drone x8  
  193  10:33  Zergling x26  
  189  10:38  Baneling x11  
  189  10:40  Zergling x14  
  190  10:45  Baneling x9  
  190  10:47  Mutalisk x3  
  196  10:52  Drone x2  
  196  10:53  Overlord  
  196  10:56  Baneling x7  
  198  11:01  Overlord  
  198  11:06  Adrenal Glands  
  185  11:11  Zergling x26  
  185  11:12  Overlord  
  185  11:13  Overseer x2  
  198  11:18  Zergling x2  
  198  11:19  Zergling x2  
  198  11:24  Baneling x6  
  200  11:29  Zergling x16  
  190  11:37  Zergling x20  
  184  11:46  Zergling x16  
  184  11:47  Zergling x4  
  179  11:50  Mutalisk  
  177  11:55  Zergling x4  
  177  11:59  Baneling  
  177  12:00  Baneling x4, Zergling x8  
  177  12:03  Zergling x2  
  177  12:07  Mutalisk x3  
  177  12:11  Zergling x12  
  177  12:12  Baneling x3  
  154  12:27  Mutalisk x6  
  150  12:31  Zergling x14  
  150  12:36  Queen  
  153  12:38  Zergling x2  
  153  12:39  Zergling x10  
  153  12:41  Baneling x6  
  158  12:44  Zergling x8  
  158  12:46  Hatchery  
  158  12:47  Zergling x2  
  158  12:48  Baneling Nest  
  147  13:03  Zergling x16  
  139  13:05  Zergling x6  
  139  13:07  Zergling x2  
  139  13:08  Queen, Zergling x2  
  137  13:14  Zergling x8  
  140  13:20  Spire  
  140  13:21  Overseer  
  140  13:23  Drone x7  
  146  13:32  Baneling x15, Zergling x2  
  146  13:33  Zergling x6  
  150  13:39  Drone x7  
  153  13:49  Baneling x6, Zergling x2  
  153  13:50  Zergling x12  
  153  13:53  Hatchery  
  153  13:55  Zergling x10  
  163  13:56  Baneling  
  163  13:57  Baneling x2  
  163  14:01  Overseer  
  163  14:03  Baneling x7  
  163  14:04  Baneling  
  163  14:08  Zergling x8  
  167  14:10  Extractor  
  164  14:18  Zergling x12  
  164  14:19  Zergling x2  
  171  14:24  Overlord x2  
  171  14:33  Mutalisk  
  171  14:34  Overlord x2  
  171  14:36  Baneling x7  
  171  14:38  Zergling x2  
  174  14:40  Baneling  
  174  14:41  Baneling x7, Overlord  
  174  14:42  Overseer  
  174  14:52  Zergling x30  
  154  15:01  Zergling x12  
Tags
 
Add a new tag
Caveats
  • Supply blocks, unpowered buildings, or Contaminate may cause inaccurate times.
  • Supply counts are checked every 10 seconds.